 Dungeon Crawl Stone Soup version 0.23-a0-151-gf6d1ed2 (webtiles) character file.

65 Amnesiac the Cutter (level 3, -1/29 HPs)
             Began as a Mummy Abyssal Knight on Sept 8, 2018.
             Was a Believer of Lugonu.
             Killed from afar by Sigmund (10 damage)
             ... with a wand of flame (27)
             ... on level 2 of the Dungeon.
             The game lasted 00:02:02 (1334 turns).

Amnesiac the Cutter (Mummy Abyssal Knight)          Turns: 1334, Time: 00:02:03

Health: -1/29      AC:  5    Str: 16    XL:     3   Next: 94%
Magic:  4/4        EV: 11    Int: 11    God:    Lugonu [**....]
Gold:   69         SH:  0    Dex: 11    Spells: 2/2 levels left

rFire    x . .     SeeInvis .   a - +1 short sword (distort)
rCold    + . .     Gourm    .   (no shield)
rNeg     + + +     Faith    .   b - +0 leather armour
rPois    ∞         Spirit   .   (no helmet)
rElec    .         Reflect  .   (no cloak)
rCorr    .         Harm     .   e - +0 pair of gloves
MR       .....                  l - +0 pair of boots
Stlth    +.........             (no amulet)
HPRegen  0.09/turn              (no ring)
MPRegen  0.09/turn              (no ring)

@: no status effects
A: no food or potions, fire vulnerability, cold resistance 1, negative energy
resistance 3, torment resistance, unbreathing
a: Depart the Abyss, Bend Space, Renounce Religion


You were on level 2 of the Dungeon.
You worshipped Lugonu.
Lugonu was pleased with you.
You were not hungry.

You visited 1 branch of the dungeon, and saw 2 of its levels.
You visited the Abyss 1 time.

You collected 69 gold pieces.

Inventory:

Hand Weapons
 a - a +1 short sword of distortion (weapon)
Armour
 b - a +0 leather armour (worn)
 e - a +0 pair of gloves (worn)
 l - a +0 pair of boots (worn)
Scrolls
 c - a scroll of remove curse {!r, unknown}
 d - a scroll of enchant armour {!r, unknown}
 f - 2 scrolls of identify {!r, unknown}
 g - a scroll of magic mapping {!r, unknown}
 h - a scroll of enchant weapon {!r, unknown}
 i - a scroll of noise {!r, unknown}
 j - a scroll of amnesia {!r, unknown}
 k - a scroll of fog {!r, unknown}


   Skills:
 - Level 3.0 Fighting
 + Level 3.5 Short Blades
 - Level 1.5 Armour
 - Level 0.7 Dodging
 - Level 1.5 Invocations


You had 2 spell levels left.
You didn't know any spells.
Your spell library was empty.

Dungeon Overview and Level Annotations

Branches:
Dungeon (2/15)

Altars:
The Shining One

Annotations:
D:2 Sigmund


Innate Abilities, Weirdness & Mutations

You do not eat or drink.
Your flesh is vulnerable to fire.
You are immune to poison.
Your flesh is cold resistant. (rC+)
You are immune to negative energy. (rN+++)
You are immune to unholy pain and torment.
You can survive without breathing.


Message History

You kill the giant cockroach!
Lugonu accepts your kill. The quokka barely misses you.
You barely miss the quokka. The quokka closely misses you.
You barely miss the quokka. The quokka barely misses you.
You hit the quokka.
You kill the quokka!
Lugonu accepts your kill.
No target in view!
No target in view!
No target in view!
No target in view!
No target in view!
No target in view!
No target in view!
No target in view!
No target in view!
No target in view!
No target in view!
No target in view!
No target in view!
No target in view!
You see here a quokka corpse.
You now have 61 gold pieces (gained 12).
i - a scroll labeled QEEF ROH YKAOWK {!r} You now have 69 gold pieces (gained 8).
No target in view!
A frilled lizard comes into view.
The frilled lizard moves out of view.
j - a scroll labeled UCOIXZ IDDIPN {!r} A frilled lizard is nearby!
You closely miss the frilled lizard. The frilled lizard barely misses you.
You miss the frilled lizard. The frilled lizard barely misses you.
You closely miss the frilled lizard. You miss the frilled lizard.
The frilled lizard bites you but does no damage.
You miss the frilled lizard.
The frilled lizard bites you but does no damage.
You closely miss the frilled lizard. The frilled lizard barely misses you.
You puncture the frilled lizard!
You kill the frilled lizard!
Lugonu accepts your kill.
You can now bend space around yourself.
No target in view!
No target in view!
No target in view!
No target in view!
k - a scroll labeled HIECSA QIUDEITH {!r} No target in view!
l - a pair of boots No target in view!
No target in view!
Wear which item? (? for menu, Esc to quit)
You start putting on your armour.
You continue putting on your pair of boots. x4
You finish putting on your +0 pair of boots.
Sigmund the Dreaded comes into view.
He is wielding a scythe.
Sigmund shouts!
You hear an angry hiss.
Sigmund hits you with a scythe.
* * * LOW HITPOINT WARNING * * *
You hit Sigmund.
Sigmund looks slightly unstable.
Sigmund is lightly wounded.
An adder comes into view.
Sigmund zaps a wand.
The puff of flame hits you! The fire burns you terribly!
You die...

#)...###.# #####
#.#### #....###
####...# ###.###
#...# ###.#
#S##### #.#
#..@@.## #.##
#####..###
#..### ##...#
##†..##
###.#########..#
#..##......#..
##.##....††##.
#.........# #
####......#
#.........


You could see Sigmund and an adder.

Vanquished Creatures
  A worm (D:2)
  A dart slug (D:2)
  2 leopard geckos (D:2)
  A giant cockroach (D:2)
  6 goblins
  5 hobgoblins
  5 jackals (D:1)
  9 kobolds
  A quokka (D:2)
  A ball python (D:2)
  9 bats
  4 frilled lizards
  6 rats
51 creatures vanquished.

Vanquished Creatures (others)
  A jackal (D:1)
1 creature vanquished.

Grand Total: 52 creatures vanquished

Notes
Turn   | Place    | Note
-------+----------+-------------------------------------------
     0 | Abyss:1  | Amnesiac the Mummy Abyssal Knight began the quest for the
                  | Orb.
     0 | Abyss:1  | Reached XP level 1. HP: 18/18 MP: 2/2
    33 | Abyss:1  | Noticed a ynoxinul
    57 | Abyss:1  | Found a corrupted altar of Lugonu.
    84 | Abyss:1  | Noticed a neqoxec
    99 | D:1      | Escaped the Abyss
   491 | D:1      | Reached XP level 2. HP: 24/24 MP: 3/3
   497 | D:1      | Reached * piety under Lugonu
   723 | D:1      | Reached XP level 3. HP: 25/29 MP: 4/4
  1199 | D:2      | Found a glowing golden altar of the Shining One.
  1318 | D:2      | Reached ** piety under Lugonu
  1331 | D:2      | Noticed Sigmund
  1334 | D:2      | Killed from afar by Sigmund

Vault maps used:
D:1:      lightli_arrival_quake, minmay_tetromino_s2
D:2:      first_ration, tso_altar, uniq_sigmund

Skill      XL: |  1  2  3 |
---------------+----------+-----
Short Blades   | 2 3 |  3.5
Fighting       | |  3.0
Armour         | |  1.5
Dodging        | |  0.7
Invocations    | |  1.5

Action                   || total
-------------------------++-------
Melee: Short sword       ||   116
Invok: Depart the Abyss  ||     1
  Use: Scroll            ||     1
 Stab: Sleeping          ||     1
Armor: Leather armour    ||    42
Dodge: Dodged            ||    93

Table legend:
 A = Non-vault XP
 B = Vault XP
 C = Vault XP percentage of total XP
 D = Non-vault monster count
 E = Vault monster count
 F = Vault count percentage of total count
                 A         B        C        D         E       F
            +---------+---------+-------+---------+---------+-------
      Total |      93 |       1 |   1.1 |      51 |       1 |   1.9
            +---------+---------+-------+---------+---------+-------
        D:1 |      45 |       1 |   2.2 |      26 |       1 |   3.7
        D:2 |      48 |       0 |   0.0 |      25 |       0 |   0.0
            +---------+---------+-------+---------+---------+-------
